 Dungeon Crawl Stone Soup version 0.29-a0-2-g12fcac58f8 (webtiles) character file.

Game seed: 12895194157367626868

9337 miscthings the Thaumaturge (level 11, -10/67 HPs)
             Began as a Djinni Conjurer on Jan 27, 2022.
             Was an Initiate of Gozag.
             Mangled by a shadow (29 damage)
             ... on level 10 of the Dungeon.
             The game lasted 00:20:31 (10892 turns).

miscthings the Thaumaturge (Djinni Conjurer)       Turns: 10892, Time: 00:20:32

Health: -10/67     AC:  7    Str: 12    XL:     11   Next: 72%
Gold:   1617       EV: 11    Int: 23    God:    Gozag SH:  4 Dex: 13

rFire   + + .      SeeInvis .   f - +5 dagger (elec)
rCold   x . .      Faith    .   H - +0 buckler {reflect}
rNeg    . . .      Spirit   .   o - +0 leather armour
rPois   ∞          Reflect  +   (no helmet)
rElec   .          Harm     .   a - scarf {repulsion}
rCorr   .          Rampage  .   (no gloves)
Will    +....                   (boots unavailable)
Stlth   ++........              (no amulet)
HPRegen 0.21/turn               e - +6 ring of strength
MPRegen 0.00/turn               G - +4 ring of protection

@: about to teleport, gold aura, flying, repel missiles
A: sickness immunity, fire resistance 2, cold vulnerability 1, float, innate
caster, hp casting, extra vitality 1
a: Renounce Religion, Potion Petition, Call Merchant, Bribe Branch


You were on level 10 of the Dungeon.
You worshipped Gozag.
Gozag was most pleased with you.
You visited 1 branch of the dungeon, and saw 11 of its levels.
You also visited: Ossuary.

You collected 1694 gold pieces.
You paid 77 gold pieces to Gozag.

Inventory:

Hand Weapons
 f - a +5 dagger of electrocution (weapon)
 k - the +6 long sword of Arbitration {spect, rPois rC+ Int-2 Dex+2}
   (You found it on level 6 of the Dungeon)

   When its wielder attacks, the weapon's spirit leaps out and strikes again.
   The spirit shares a part of any damage it takes with its wielder.
   Int:       It affects your intelligence (-2).
   Dex:       It affects your dexterity (+2).
   rC:        It protects you from cold.
   rPois:     It protects you from poison.
Missiles
 D - 3 throwing nets
 E - a curare-tipped dart
Armour
 a - a scarf of repulsion (worn)
 i - the +0 robe of the New World {rC+}
   (You found it on level 5 of the Dungeon)

   rC:        It protects you from cold.
 o - a +0 leather armour (worn)
 H - a +0 buckler of reflection (worn)
Jewellery
 e - a +6 ring of strength (left hand)
 G - a +4 ring of protection (right hand)
Wands
 b - a wand of paralysis (12)
Scrolls
 g - a scroll of vulnerability {unknown}
 l - a scroll of blinking
 m - 4 scrolls of teleportation
 n - a scroll of fog
 q - a scroll of summoning {unknown}
 r - 2 scrolls of immolation
 u - 5 scrolls of fear
 x - a scroll of enchant armour {unknown}
 y - a scroll of holy word {unknown}
 z - a scroll of torment {unknown}
 B - a scroll of amnesia {unknown}
 F - a scroll of magic mapping
Potions
 c - 2 potions of attraction
 d - 9 potions of degeneration
 h - 7 potions of haste
 j - 6 potions of curing
 p - 2 potions of heal wounds
 s - a potion of lignification
 t - a potion of mutation
 v - a potion of berserk rage
 w - a potion of invisibility
 A - 3 potions of brilliance
 C - a potion of ambrosia {unknown}


   Skills:
 + Level 1.1 Fighting
 + Level 1.0 Throwing
 + Level 1.2 Armour
 + Level 2.7 Dodging
 - Level 1.5 Stealth
 + Level 1.1 Shields
 + Level 13.5 Spellcasting
 + Level 1.2 Evocations


You had 10 spell levels left.
You knew the following spells:

 Your Spells              Type           Power      Damage    Failure   Level
a - Searing Ray           Conj           100%       2d8       1%          2
b - Magic Dart            Conj           100%       1d8       1%          1
c - Dazzling Flash        Conj/Hex       100%       N/A       1%          3
d - Fulminant Prism       Conj/Hex       33%        3d16      1%          4
e - Iskenderun's Mystic   Conj/Tloc      67%        2d14      1%          4
f - Apportation           Tloc           100%       N/A       1%          1
g - Wereblood             Tmut           67%        N/A       1%          2
h - Ignite Poison         Fire/Tmut/Pois 67%        N/A       1%          3
i - Call Imp              Summ           67%        N/A       1%          2
x - Irradiate             Conj/Tmut      33%        3d24      1%          5
Your spell library was empty.

Dungeon Overview and Level Annotations

Branches:
Dungeon (11/15)            Temple (0/1) D:6         Ossuary (visited)
   Lair: D:8-11         Orc: D:9-12

Altars:
Cheibriados
Gozag
Hepliaklqana
Qazlal
Sif Muna
Wu Jian
Zin


Innate Abilities, Weirdness & Mutations

You are immune to sickness and miasma.
You are immune to poison.
Your flesh is very heat resistant. (rF++)
You are vulnerable to cold. (rC-)
You float through the air rather than walking.
You learn spells naturally, not from books.
Your magical power is your life essence.
You have superior vitality. (+4 MHP)


Message History

The orc warrior is heavily wounded.
The mystic blast hits the orc.
The orc is moderately wounded.
The orc is knocked back by the mystic blast.
The orc is distracted by your dazzling golden aura.
An acid dragon comes into view.
The orc is no longer distracted by gold.
The orc warrior is distracted by your dazzling golden aura.
An ufetubus comes into view.
Aiming: Fulminant Prism (safe; 1% risk of failure)
Press: ? - help, Q - select action, (/) - cycle Dir - move target You conjure a prism of explosive energy!
The orc warrior shouts!
A fulminant prism comes into view.
A shadow comes into view.
Your fulminant prism crackles loudly.
The ufetubus is distracted by your dazzling golden aura.
Your fulminant prism explodes!
The blast of energy engulfs the orc warrior!!
You kill the orc warrior!
The orc is distracted by your dazzling golden aura.
The orc shouts!
The ufetubus shouts!
You hear a shout!
Your Throwing skill increases to level 1!
Casting: Fulminant Prism (safe; 1% risk of failure)
Confirm with . or Enter, or press ? or * to list all spells.
You erupt in a blast of force!
The mystic blast hits the shadow but does no damage.
The mystic blast hits the orc!
You kill the orc!
The mystic blast hits the orc!
You kill the orc!
* * * LOW HITPOINT WARNING * * *
The ufetubus is no longer distracted by gold.
The shadow slips into darkness.
The shadow flickers and vanishes!
Deactivating autopickup; reactivate with Ctrl-A.
As you read the scroll of teleportation, it crumbles to dust.
You feel strangely unstable.
The shadow strikes at you from the darkness!
You die...
Your body crumbles into a pile of gold.

## ..
####$###
#.@.$..#
#$##......
#5# ..###
......D.#
.#
.........
..
..(.$....#
##
.........#
.....#.#..
..≈≈≈#. ≈≈


You could see an acid dragon and an ufetubus.

Vanquished Creatures
  A catoblepas (D:11)
  A boulder beetle (D:7)
  A skeletal warrior (D:8)
  The ghost of Bediveer the Vandal, an amateur MiHu of Elyvilon (D:4)
  A troll (D:11)
  A hornet (D:8)
  A shadow (D:5)
  Sigmund (D:2)
  A wraith (D:8)
  12 yaks
  4 vampire mosquitoes
  An acid dragon (D:8)
  A water moccasin (D:11)
  An ice beast (D:7)
  3 sky beasts
  2 necrophages
  4 orc warriors
  A black bear (D:5)
  A hornet zombie (D:8)
  6 ogres
  2 centaurs
  3 phantoms
  3 kobold brigands
  3 bullfrogs
  3 scorpions
  A wyvern zombie (D:8)
  2 wyvern skeletons
  5 wights (D:8)
  A bullfrog zombie (D:5)
  3 hounds
  A human zombie (Ossuary)
  6 jellies
  3 orc priests
  A centaur skeleton (D:7)
  6 gnoll shamans
  A bullfrog skeleton (D:5)
  Natasha (thrice) (D:2)
  2 iguanas (D:5)
  A hound zombie (D:4)
  4 mummies (Ossuary)
  A howler monkey zombie (D:6)
  11 gnolls
  9 adders
  A white imp (D:10)
  An ufetubus (D:7)
  An adder skeleton (D:4)
  A worm (D:2)
  A dart slug (D:2)
  26 orcs
  6 bats
  An endoplasm (D:2)
  3 giant cockroaches
  9 goblins
  11 hobgoblins
  4 jackals (D:1)
  14 kobolds
  A quokka (D:1)
  8 ball pythons
  4 frilled lizards
  A gnoll zombie (Ossuary)
  2 hobgoblin zombies (Ossuary)
  A kobold zombie (Ossuary)
  3 orc zombies (Ossuary)
  2 rats
  A fulminant prism (D:11)
222 creatures vanquished.

Vanquished Creatures (collateral kills)
  An orc wizard (D:4)
1 creature vanquished.

Vanquished Creatures (others)
  63 fulminant prisms
  52 fungi
  59 plants
174 creatures vanquished.

Grand Total: 397 creatures vanquished

Notes
Turn   | Place    | Note
-------+----------+-------------------------------------------
     0 | D:1      | miscthings the Djinni Conjurer began the quest for the Orb.
     0 | D:1      | Reached XP level 1. HP: 15/15 MP: 0/0
    69 | D:1      | Reached XP level 2. HP: 4/21 MP: 0/0
   236 | D:1      | Reached XP level 3. HP: 5/25 MP: 0/0
   236 | D:1      | Learned a level 1 spell: Apportation
   748 | D:1      | Found a faded altar of an unknown god.
   816 | D:2      | Reached skill level 4 in Spellcasting
   986 | D:2      | Noticed Sigmund
  1081 | D:2      | Reached XP level 4. HP: 23/31 MP: 0/0
  1351 | D:2      | Noticed Natasha
  1355 | D:2      | Killed Natasha
  1585 | D:2      | Noticed Natasha
  1595 | D:2      | Killed Natasha
  1596 | D:2      | Reached XP level 5. HP: 22/35 MP: 0/0
  1596 | D:2      | Learned a level 2 spell: Wereblood
  1701 | D:2      | Noticed Natasha
  2191 | D:2      | Killed Natasha
  2192 | D:2      | Reached skill level 5 in Spellcasting
  2350 | D:2      | Killed Sigmund
  2351 | D:2      | Reached XP level 6. HP: 20/40 MP: 0/0
  2731 | D:3      | Reached skill level 6 in Spellcasting
  3061 | D:4      | Noticed an ogre
  3061 | D:4      | Noticed a necrophage
  3133 | D:4      | Reached XP level 7. HP: 36/45 MP: 0/0
  3133 | D:4      | Learned a level 2 spell: Call Imp
  3650 | D:4      | Reached skill level 7 in Spellcasting
  3679 | D:4      | Found a runed translucent gate.
  3679 | D:4      | Found a runed translucent gate.
  3679 | D:4      | Found a runed translucent gate.
  3681 | D:4      | Found an opulent altar of Gozag.
  3683 | D:4      | Noticed Bediveer's ghost (amateur MiHu)
  3772 | D:4      | Reached XP level 8. HP: 36/50 MP: 0/0
  4050 | D:4      | Killed Bediveer's ghost
  4091 | D:4      | Became a worshipper of Gozag Ym Sagoz the Greedy
  4382 | D:5      | Entered Level 5 of the Dungeon
  4384 | D:5      | Noticed a shadow
  4388 | D:5      | Killed a shadow
  4389 | D:5      | Reached skill level 8 in Spellcasting
  4616 | D:5      | Found a sand-covered staircase.
  4740 | Ossuary  | Entered an ossuary
  5124 | Ossuary  | Reached XP level 9. HP: 53/55 MP: 0/0
  5124 | Ossuary  | Learned a level 3 spell: Ignite Poison
  5383 | D:5      | Identified the +0 robe of the New World {rC+}
  5516 | D:5      | Reached skill level 9 in Spellcasting
  6077 | D:6      | Found a staircase to the Ecumenical Temple.
  6223 | D:6      | Reached skill level 10 in Spellcasting
  6619 | D:6      | Identified the +6 long sword of Arbitration {spect, rPois
                  | rC+ Int-2 Dex+2}
  6890 | D:7      | Reached XP level 10. HP: 33/60 MP: 0/0
  6894 | D:7      | Reached skill level 11 in Spellcasting
  7209 | D:7      | Found a glowing silver altar of Zin.
  7254 | D:7      | Noticed a boulder beetle
  7274 | D:7      | Killed a boulder beetle
  7507 | D:7      | Found an opulent altar of Gozag.
  7712 | D:7      | Reached skill level 12 in Spellcasting
  8421 | D:7      | Reached XP level 11. HP: 61/65 MP: 0/0
  8421 | D:7      | Learned a level 5 spell: Irradiate
  8449 | D:7      | HP: 3/65 [centaur (14)]
  9046 | D:7      | Found a snail-covered altar of Cheibriados.
  9432 | D:8      | Reached skill level 13 in Spellcasting
  9724 | D:8      | Noticed a skeletal warrior
  9770 | D:8      | Killed a skeletal warrior
 10011 | D:8      | Found an ornate altar of the Wu Jian Council.
 10020 | D:8      | Found a stormy altar of Qazlal.
 10058 | D:8      | Found a hazy altar of Hepliaklqana.
 10555 | D:9      | You are sucked into a shaft and drop 2 floors!
 10845 | D:11     | Noticed a catoblepas
 10875 | D:11     | Killed a catoblepas
 10876 | D:11     | Reached skill level 1 in Fighting
 10876 | D:11     | Reached skill level 1 in Armour
 10876 | D:11     | Reached skill level 1 in Shields
 10876 | D:11     | Reached skill level 1 in Evocations
 10879 | D:10     | Entered Level 10 of the Dungeon
 10890 | D:10     | Reached skill level 1 in Throwing
 10892 | D:10     | Mangled by a shadow

Illustrated notes

Levels and vault maps discovered:
D:1:      matt_arrival_diagonals, layout_rooms, ebering_ecumenical_altar_box,
          minmay_indecisive_spiral
D:2:      layout_basic, minmay_fractal_squares_gapless_5, uniq_natasha,
          uniq_sigmund
D:3:      layout_basic
D:4:      layout_layer_cave, ebering_ghost_gozag
D:5:      layout_loops_ring, nicolae_ossuary_entry_monument, st_stairs_9
D:6:      layout_basic, minmay_temple_entry_ruins
D:7:      kennysheep_seaside_town, layout_layer_cave, marbit_many_paths,
          lemuel_crystal_altar, overflow_temple_1_default
D:8:      minmay_chambers_of_fours, layout_loops_ring,
          mainiacjoe_overflow_paths, kennysheep_little_box,
          mainiacjoe_overflow_swirl
D:9:      layout_roguey, special_room [special_room_orc]
D:10:     layout_loops_corners, tso_oasis_becter, makhleb_altar_promises_db,
          muffindrake_ghost_dual_entry, serial_ice, serial_ice_b, serial_ice_e,
          serial_ice_f, serial_ice_l
D:11:     layout_basic, due_lair_maze_entry_diamond

Skill      XL: |  1  2  3  4  5  6  7  8  9 10 11 |
---------------+----------------------------------+-----
Spellcasting   | 4 5 6 7 8 10 12 13 | 13.5
Fighting       | 1 |  1.1
Armour         | 1 |  1.2
Shields        | 1 |  1.1
Evocations     | 1 |  1.2
Throwing       | 1 |  1.0
Dodging        | |  2.7
Stealth        | |  1.5

Action                   |  1- 3 |  4- 6 |  7- 9 | 10-12 || total
-------------------------+-------+-------+-------+-------++-------
Melee: Unarmed           |     1 |       |       |       ||     1
       Dagger            |       |       |    10 |     2 ||    12
 Cast: Magic Dart        |    14 |       |       |       ||    14
       Searing Ray       |    10 |    32 |    62 |    38 ||   142
       Fulminant Prism   |       |     2 |    11 |    51 ||    64
       Iskenderun's Myst |       |     2 |    11 |    24 ||    37
       Call Imp          |       |       |     4 |       ||     4
  Use: Potion            |     1 |       |       |       ||     1
       Scroll            |       |     4 |    10 |     5 ||    19
Armor: Robe              |     6 |     2 |     7 |       ||    15
       Leather armour    |       |       |     1 |     7 ||     8
Dodge: Dodged            |    13 |    10 |    49 |    13 ||    85
Block: Buckler           |       |       |       |     3 ||     3

Table legend: (Time is in decaauts)
 A = Elapsed time spent in this place.
 B = Non-inter-level travel time spent in this place.
 C = Inter-level travel time spent in this place.
 D = Time resting spent in this place.
 E = Time spent auto-exploring this place.
 F = Levels seen in this place.
 G = Mean time per level.
                   A        B        C        D        E       F      G
               +--------+--------+--------+--------+--------+-----+--------+
         Total |  10893 |  10288 |    605 |   4204 |   4477 |  12 |  907.8 |
       Dungeon |  10324 |   9719 |    605 |   3861 |   4359 |  11 |  938.5 |
       Ossuary |    568 |    568 |      0 |    343 |    118 |   1 |  568.0 |
               +--------+--------+--------+--------+--------+-----+--------+

Top non-repeatable levels by time:
     D:7: 1785 daAuts
     D:8: 1439 daAuts
     D:2: 1430 daAuts
     D:6: 1418 daAuts
     D:1: 1018 daAuts
     D:4: 1017 daAuts
     D:5: 942 daAuts
     D:3: 917 daAuts
 Ossuary: 568 daAuts
    D:11: 323 daAuts
     D:9: 18 daAuts
    D:10: 12 daAuts
